 Dungeon Crawl Stone Soup version 0.25-a0-733-gf7d8cd8a05 (webtiles) character file.

Game seed: 11106203116615749485, levelgen mode: deterministic

209594 vurker the Stormcaller (level 17, -20/87 HPs)
             Began as a Felid Air Elementalist on Apr 8, 2020.
             Was the Champion of Vehumet.
             Hit by a stone thrown by an ironheart preserver (24 damage)
             ... led by a vault warden
             ... on level 2 of the Vaults on Apr 9, 2020.
             The game lasted 02:09:20 (71863 turns).

vurker the Stormcaller (Felid Air Elementalist)    Turns: 71863, Time: 02:09:21

Health: -20/87     AC:  5    Str:  6    XL:     17   Next: 68%
Magic:  38/40      EV: 26    Int: 25    God:    Vehumet [******]
Gold:   4426       SH:  0    Dex: 18    Spells: 14/53 levels left
                                        Lives:  0   Deaths: 5

rFire    + . .     SeeInvis +   (weapon unavailable)
rCold    + + +     Gourm    .   (shield unavailable)
rNeg     . . .     Faith    .   (armour unavailable)
rPois    .         Spirit   .   (helmet unavailable)
rElec    .         Reflect  .   (cloak unavailable)
rCorr    .         Harm     +   (gloves unavailable)
MR       +++..     Clarity  +   (boots unavailable)
Stlth    ++++......             S - amulet of harm
HPRegen  0.24/turn              B - ring "Dotum" {*Corrode rF+ rC+++ AC+2 Dex+2}
MPRegen  0.27/turn              s - ring "Pikla" {MR+ EV+2}

@: lightly drained, quick
A: very small, no armour, no weapons or thrown items, stealth, claws 1, fangs 3,
see invisible, carnivore, clarity, clever 1, clumsy 1, speed 1, shaggy fur 3,
slow metabolism 1, strong 1, sharp paws
}: 2/15 runes: decaying, serpentine
a: Renounce Religion


You were on level 2 of the Vaults.
You worshipped Vehumet.
Vehumet was exalted by your worship.
You were very full.

You visited 8 branches of the dungeon, and saw 37 of its levels.
You visited the Abyss 2 times.
You also visited: Sewer and Ice Cave.

You collected 8130 gold pieces.
You spent 3704 gold pieces at shops.

Inventory:

Jewellery
 s - the ring "Pikla" (right paw) {MR+ EV+2}
   (You bought it in a shop on level 1 of the Orcish Mines)

   [ring of evasion]

   It affects your evasion (+2).
   It affects your resistance to hostile enchantments.
 B - the ring "Dotum" (left paw) {*Corrode rF+ rC+++ AC+2 Dex+2}
   (You bought it in a shop on level 1 of the Orcish Mines)

   [ring of protection]

   It affects your AC (+2).
   It affects your dexterity (+2).
   It protects you from fire.
   It renders you almost immune to cold.
   It may corrode you when you take damage.
 D - an uncursed ring of magical power
   (You found it on level 12 of the Dungeon)
 R - the ring of Sloth {Fire rElec Int+2}
   (You bought it in a shop on level 4 of the Snake Pit)

   [ring of fire]

   It enhances your fire magic.
   It affects your intelligence (+2).
   It protects you from fire.
   It makes you vulnerable to cold.
   It insulates you from electricity.
 S - an amulet of harm (around neck)
   (You bought it in a shop on level 4 of the Snake Pit)
 U - the ring "Ycynyam" {rN+ AC+2 Str+3}
   (You took it off a deep elf annihilator on level 3 of the Elven Halls)

   [ring of protection]

   It affects your AC (+2).
   It affects your strength (+3).
   It protects you from negative energy.
Wands
 c - a wand of disintegration (32)
   (You found it on level 6 of the Dungeon)
 d - a wand of iceblast (27)
   (You found it on level 4 of the Lair of Beasts)
 t - a wand of flame (71)
   (You found it on level 5 of the Dungeon)
 u - a wand of paralysis (4)
   (You found it on level 13 of the Dungeon)
 v - a wand of digging (13)
   (You found it on level 1 of the Snake Pit)
 E - a wand of enslavement (19)
   (You took it off Maurice on level 8 of the Dungeon)
 H - a wand of polymorph (21)
   (You found it on level 3 of the Lair of Beasts)
 P - a wand of clouds (12)
   (You took it off a naga sharpshooter on level 3 of the Snake Pit)
Scrolls
 b - 18 scrolls of remove curse
 f - 5 scrolls of immolation
 i - 5 scrolls of identify
 j - 9 scrolls of amnesia
 k - 2 scrolls of noise
 l - 3 scrolls of fear
 p - a scroll of holy word
 r - 11 scrolls of teleportation
 w - 9 scrolls of fog
 x - 9 scrolls of magic mapping
 A - 2 scrolls of blinking
 C - 5 scrolls of summoning
 I - a scroll of silence
Potions
 a - 5 potions of heal wounds
 g - 4 potions of brilliance
 h - 5 potions of lignification
 m - 2 potions of haste
 n - 4 potions of flight
 o - 2 potions of invisibility
 q - 7 potions of cancellation
 z - 15 potions of curing
 F - a potion of magic
 J - a potion of resistance
 L - 2 potions of ambrosia
 M - 6 potions of mutation
Miscellaneous
 G - 4 boxes of beasts
 Q - a phantom mirror
 T - a phial of floods
   (You found it on level 3 of the Elven Halls)
Comestibles
 e - 58 rations
 K - 19 chunks of flesh


   Skills:
 + Level 16.7(16.0) Fighting
 - Level 8.3(7.8) Dodging
 - Level 8.8(8.3) Stealth
 + Level 18.6(17.9) Spellcasting
 - Level 8.0(7.4) Conjurations
 * Level 20.9(20.2) Air Magic


You had 14 spell levels left.
You knew the following spells:

 Your Spells              Type           Power        Failure   Level  Hunger
a - Shock                 Conj/Air       ####         0%          1    None
b - Lightning Bolt        Conj/Air       #######...   1%          5    None
c - Airstrike             Air            #######...   0%          4    None
p - Deflect Missiles      Chrm/Air       ######....   5%          6    ###....
q - Tornado               Air            #######...   16%         9    #######
w - Blink                 Tloc           N/A          3%          2    None
x - Conjure Ball Lightni  Conj/Air       #######...   1%          6    ###....
z - Freezing Cloud        Conj/Ice/Air   ######....   2%          6    ###....

Your spell library contained the following spells:

 Spells                   Type           Power        Failure   Level  Hunger
 Chain Lightning          Conj/Air       #######...   13%         8    ######.
 Lehudib's Crystal Spear  Conj/Erth      #####.....   99%         8    ######.
 Fire Storm               Conj/Fire      #####.....   100%        9    #######
 Static Discharge         Conj/Air       #######.     0%          3    None
 Foxfire                  Conj/Fire      ####         1%          1    None
 Magic Dart               Conj           ####         1%          1    None
 Poisonous Vapours        Pois/Air       ######       1%          2    None
 Searing Ray              Conj           ######       1%          2    None
 Swiftness                Chrm/Air       ######..     1%          2    None
 Conjure Flame            Conj/Fire      #####...     1%          3    None
 Dazzling Flash           Conj/Hex       #####.       1%          3    None
 Inner Flame              Hex/Fire       ###.....     1%          3    None
 Mephitic Cloud           Conj/Pois/Air  ######..     1%          3    None
 Fulminant Prism          Conj/Hex       #####.....   1%          4    None
 Iskenderun's Mystic Bla  Conj/Tloc      #####...     1%          4    None
 Sticky Flame             Conj/Fire      #####...     1%          4    None
 Summon Lightning Spire   Summ/Air       ######..     1%          4    None
 Silence                  Hex/Air        ######....   1%          5    None
 Apportation              Tloc           ###...       2%          1    None
 Summon Butterflies       Summ           ###.....     2%          1    None
 Call Imp                 Summ           ###.....     3%          2    None
 Slow                     Hex            ###.....     3%          2    None
 Fireball                 Conj/Fire      #####.....   3%          5    None
 Iskenderun's Battlesphe  Conj/Chrm      #####...     3%          5    None
 Olgreb's Toxic Radiance  Pois           ###.....     6%          4    None
 Bolt of Magma            Conj/Fire/Erth ####......   6%          5    None
 Lesser Beckoning         Tloc           ###.......   7%          3    None
 Tukima's Dance           Hex            ###.....     7%          3    None
 Iron Shot                Conj/Erth      #####.....   19%         6    ###....
 Orb of Destruction       Conj           ######....   22%         7    #####..
 Alistair's Intoxication  Tmut/Pois      ###.....     52%         5    None
 Blade Hands              Tmut           ###.......   52%         5    None
 Spellforged Servitor     Conj/Summ      #####.....   67%         7    #####..
 Hydra Form               Tmut           ###.......   98%         6    ###....
 Invisibility             Hex            ###.....     98%         6    ###....
 Absolute Zero            Ice            ###.......   100%        9    #######


Dungeon Overview and Level Annotations

Branches:
Dungeon (15/15)            Temple (1/1) D:7            Lair (6/6) D:8
  Swamp (4/4) Lair:3        Snake (4/4) Lair:4        Slime (0/5) Lair:6
    Orc (2/2) D:12            Elf (3/3) Orc:2        Vaults (2/5) D:14
 Depths (0/5) D:15          Sewer (visited)           IceCv (visited)
  Crypt: Vaults:2-3

Altars:
Ashenzari
Cheibriados
Dithmenos
Elyvilon
Fedhas
Gozag
Hepliaklqana
Kikubaaqudgha
Makhleb
Nemelex Xobeh
Okawaru
Qazlal
Ru
Sif Muna
Trog
Uskayaw
Vehumet
Wu Jian
Xom
Yredelemnul
Zin
The Shining One
Beogh
Jiyva

Shops:
D:5 ?   D:6 !   D:8 (*   D:11 *   Orc:1 =[=   Orc:2 }[((   Elf:2 (   Elf:3 *
Snake:3 ((}(   Snake:4 *=}=

Annotations:
D:6 1 runed translucent door, Thantalas's ghost, novice GrEE
Lair:3 1 runed translucent door, DOPEyDwarf's ghost, journeyman MiGl
Lair:5 exclusion: door
Lair:6 1 runed translucent door
Swamp:1 Roxanne
Swamp:3 3 runed translucent doors, Ontamu's ghost, adept GnTm; Pisy's ghost, adept TrBe; Rotter5's ghost, journeyman DrIE
Snake:2 5 transporters
Vaults:1 3 runed translucent doors, Getac's ghost, adept DsGl; Isedumueph's ghost, veteran HuFi; Waros's ghost, veteran GrEE


Innate Abilities, Weirdness & Mutations

You cannot wear armour.
You are incapable of wielding weapons or throwing items.
Your paws allow you to move quietly. (Stealth)
You have sharp claws.
You have razor-sharp teeth.
You have supernaturally acute eyesight. (SInv)
You are carnivorous and can eat meat at any time.
You cover ground quickly.
Your thick and shaggy fur keeps you warm. (AC +3, rC+)
You have a slow metabolism.
Your sharp claws are effective at attacking unaware monsters.
You possess an exceptional clarity of mind.
Your mind is acute. (Int +2)
You are clumsy. (Dex -2)
Your muscles are strong. (Str +2)


Message History

You see here a +0 chain mail.
There is a large open door here. 2 vault guards and a vault warden come into view.
The vault warden is wielding a +2 great mace of draining.
A vault guard is wielding a +2 great mace of protection.
The vault warden moves out of view.
A great vortex of raging winds appears and lifts you up.
The vault guard shouts!
An ironheart preserver comes into view. It is wielding a +0 great mace.
There is an open gate here.
The ironheart preserver throws a stone.
You deflect the stone!
You feel less protected from missiles. The vault guard completely misses you.
There is an open gate here.
You see here a stone.
You kill the vault guard!
Vehumet accepts your kill.
The vault guard hits you with a +2 great mace of protection!
The vault warden activates a sealing rune.
A door slams shut!
The ironheart preserver throws a stone.
The stone closely misses you.
You destroy the skeletal warrior!
Vehumet accepts your kill.
You feel your power returning.
You kill the vault guard!
Vehumet accepts your kill.
The vault warden hits you with a +2 great mace of draining!!!
Ouch! That really hurt!
* * * LOW HITPOINT WARNING * * *
You feel drained.
* * * LOW HITPOINT WARNING * * *
The winds around you start to calm down.
You float gracefully downwards.
The ironheart preserver casts a spell.
The ironheart preserver is healed somewhat.
You are engulfed in raging winds.
The ironheart preserver gestures wildly while chanting.
The ironheart preserver begins to accept its allies' injuries.
You are engulfed in raging winds.
The vault warden activates a sealing rune.
A door slams shut!
Aim: a vault warden, wielding a +2 great mace of draining and wearing a +0 plate armour (raging winds, almost dead, sheltered from injuries)
The air twists around and strikes the vault warden.
Aim: a vault warden, wielding a +2 great mace of draining and wearing a +0 plate armour (almost dead, sheltered from injuries)
The air twists around and strikes the vault warden!
You kill the vault warden!
Vehumet accepts your kill.
You feel your power returning.
The runic seals fade away.
The winds around you calm down.
The ironheart preserver throws a stone.
The stone hits you!!
You die...

#....8....#.......
#....)....#.......
####+++#####.......
#..(.)(# #.......
#...)..# #.......
#......# #####'##
#.p....# #...
#.)....# #...
#.@.)..# #...
####+### #... .))
#... a#... #...
.s#...# #... s#
#...# #... #. .....
#... # ...... #####
#....


You could see an ironheart preserver.

Vanquished Creatures
  2 deep elf blademasters (Elf:3)
  4 deep elf master archers (Elf:3)
  Kirke (Snake:1)
  8 nagarajas
  3 vault wardens
  A frost giant (IceCv)
  8 deep elf sorcerers
  An orc warlord (Orc:1)
  2 deep elf elementalists (Elf:3)
  2 stone giants
  An ironheart preserver (Vaults:2)
  Azrael (Snake:2)
  An entropy weaver (Vaults:2)
  6 deep elf demonologists (Elf:3)
  A dire elephant (D:15)
  A white draconian (Abyss:2)
  4 deep elf annihilators
  5 deep elf death magi (Elf:3)
  7 ogre magi
  4 deep elf high priests
  2 great orbs of eyes
  A rakshasa (Vaults:1)
  7 vault guards
  2 yaktaur captains
  An ice dragon (Vaults:1)
  2 catoblepae
  21 hydras
  13 naga warriors
  A shambling mangrove (Swamp:2)
  A ghost crab (Swamp:1)
  2 death knights (D:15)
  27 two-headed ogres
  8 anacondas
  8 centaur warriors
  A deep troll shaman (Lair:6)
  6 alligators
  13 naga sharpshooters
  2 tengu warriors
  3 death yaks (Lair:6)
  24 dancing weapons
  7 shock serpents
  Urug (Orc:1)
  An orc high priest (Elf:3)
  4 salamander mystics (Snake:3)
  20 deep elf knights
  A spatial maelstrom (Abyss:3)
  5 skeletal warriors
  18 swamp dragons
  A flayed ghost (Vaults:2)
  4 naga ritualists
  A ghost moth zombie (Abyss:5)
  3 phantasmal warriors
  13 deep elf archers
  3 sea snakes (Snake:3)
  2 spriggan druids (Swamp:4)
  2 deep trolls (Orc:2)
  2 wizards (D:15)
  An ironbrand convoker (Vaults:2)
  2 orc knights (Vaults:2)
  40 ugly things
  A lindwurm (Lair:6)
  A wolf spider zombie (D:11)
  2 wolf spiders
  4 oklob plants (Lair:3)
  7 mana vipers
  9 cyclopes
  4 orc sorcerers
  60 deep elf magi
  15 elephants
  14 salamanders
  An ice statue (IceCv)
  3 centaur zombies
  3 manticores
  Psyche (D:8)
  2 guardian serpents (Snake:3)
  21 black mambas
  6 vault sentinels
  16 naga magi
  3 gargoyles
  3 torpor snails
  4 centaur skeletons
  Maurice (D:8)
  17 spiny frogs
  3 komodo dragons
  7 rime drakes
  4 freezing wraiths
  12 yaktaurs
  A tengu conjurer (D:10)
  13 trolls
  7 tyrant leeches
  20 polar bears
  3 bog bodies
  24 blink frogs
  Prince Ribbit (D:8)
  A meliai zombie (D:13)
  8 hornets
  34 slime creatures
  12 hippogriffs
  4 dream sheep (Lair:6)
  A centaur simulacrum (D:14)
  9 spriggans
  2 shadows (D:15)
  3 air elementals
  2 water elementals
  2 wraiths (D:14)
  43 yaks
  4 redbacks (Vaults:2)
  12 wyverns
  3 hogs (Snake:1)
  5 fire elementals
  10 humans (D:14)
  4 basilisks
  A steam dragon (D:11)
  13 vampire mosquitoes
  2 hungry ghosts
  6 insubstantial wisps (Swamp:2)
  19 swamp worms
  61 nagas
  6 wargs
  18 water moccasins
  An acid dragon (Vaults:2)
  2 hell hounds (Snake:2)
  8 porcupines
  2 meliai simulacra
  30 orc warriors
  10 ice beasts
  15 swamp drakes
  Purgy (Sewer)
  3 phantoms
  5 sky beasts
  4 eyes of draining
  3 black bears
  A necrophage (D:10)
  38 ogres
  21 wolves
  12 centaurs
  11 crocodiles
  4 big kobolds
  14 bullfrogs
  Blork the orc (D:5)
  4 earth elementals
  4 scorpions
  A water moccasin skeleton (D:9)
  5 killer bees (D:10)
  8 wights
  3 electric eels
  3 howler monkeys
  10 crimson imps
  A bullfrog zombie (D:10)
  6 jellies
  A quasit (D:9)
  7 hounds
  14 orc priests
  2 bullfrog skeletons
  Natasha (thrice) (D:2)
  5 iguanas
  30 orc wizards
  11 worker ants
  A hound zombie (D:7)
  A hound skeleton (D:8)
  2 worker ant zombies
  3 gnolls (D:3)
  A river rat (D:4)
  13 adders
  A shadow imp (D:10)
  2 oozes (D:1)
  4 adder zombies
  An adder skeleton (D:4)
  2 worms
  7 leopard geckos
  109 orcs
  9 giant cockroaches
  7 goblins
  8 hobgoblins
  14 jackals
  5 quokkas
  A ball python (D:4)
  5 bats
  7 frilled lizards
  17 kobolds
  A leopard gecko skeleton (D:5)
  A quokka skeleton (D:7)
  6 rats
  2 crawling corpses (Elf:3)
1451 creatures vanquished.

Vanquished Creatures (collateral kills)
  the Lernaean hydra (Swamp:4)
1 creature vanquished.

Vanquished Creatures (others)
  65 ball lightnings
  A kobold (D:14)
  3 bushes (Lair:6)
  29 fungi
  25 plants
  8 starspawn tentacles (Abyss:5)
  5 toadstools (D:10)
136 creatures vanquished.

Grand Total: 1588 creatures vanquished

Notes
Turn   | Place    | Note
-------+----------+-------------------------------------------
     0 | D:1      | vurker the Felid Air Elementalist began the quest for the
                  | Orb.
     0 | D:1      | Reached XP level 1. HP: 7/7 MP: 4/4
   328 | D:1      | Reached XP level 2. HP: 6/12 MP: 0/6
   400 | D:1      | Reached skill level 3 in Air Magic
  1248 | D:1      | Reached XP level 3. HP: 15/15 MP: 3/7
  1277 | D:1      | Reached skill level 1 in Fighting
  2275 | D:2      | Reached XP level 4. HP: 16/19 MP: 0/9
  2484 | D:2      | Noticed Natasha
  2511 | D:2      | Killed Natasha
  2894 | D:2      | Noticed Natasha
  2908 | D:2      | Killed Natasha
  2972 | D:2      | Noticed Natasha
  2985 | D:2      | Killed Natasha
  2985 | D:2      | Reached skill level 4 in Air Magic
  2985 | D:2      | Reached XP level 5. HP: 3/22 MP: 3/11
  3510 | D:3      | Learned a level 5 spell: Lightning Bolt
  3515 | D:3      | Learned a level 4 spell: Airstrike
  3816 | D:3      | Gained mutation: You are covered in thick fur. (AC +2)
                  | [Felid growth]
  3816 | D:3      | Reached XP level 6. HP: 26/26 MP: 3/13
  4671 | D:4      | Reached skill level 5 in Air Magic
  4762 | D:4      | Found a glowing drain.
  4773 | Sewer    | Entered a sewer
  4892 | Sewer    | Reached XP level 7. HP: 30/30 MP: 12/15
  5002 | Sewer    | Noticed Purgy
  5012 | Sewer    | Killed Purgy
  5397 | D:4      | Reached skill level 5 in Spellcasting
  5532 | D:5      | Entered Level 5 of the Dungeon
  5622 | D:5      | Found a hide-covered altar of Uskayaw.
  5625 | D:5      | Noticed a +0 dagger
  5625 | D:5      | Noticed a -1 dagger
  5634 | D:5      | Found Viof's Magic Scroll Shop.
  5652 | D:5      | Bought a scroll of remove curse for 33 gold pieces
  5652 | D:5      | Bought a scroll of identify for 22 gold pieces
  5652 | D:5      | Bought a scroll of teleportation for 33 gold pieces
  5652 | D:5      | Bought a scroll of fear for 38 gold pieces
  6594 | D:5      | Noticed Blork the orc
  6597 | D:5      | Killed Blork the orc
  6611 | D:5      | Reached skill level 6 in Air Magic
  7004 | D:6      | Reached XP level 8. HP: 36/36 MP: 15/17
  7104 | D:6      | Found Faqionlo's Distillery.
  7514 | D:6      | Found a runed translucent door.
  7520 | D:6      | Noticed Thantalas's ghost (novice GrEE)
  7755 | D:7      | Found a staircase to the Ecumenical Temple.
  7774 | Temple   | Entered the Ecumenical Temple
  8635 | D:8      | Found a radiant altar of Vehumet.
  8645 | D:8      | Became a worshipper of Vehumet
  9140 | D:8      | Reached skill level 7 in Air Magic
  9140 | D:8      | Reached XP level 9. HP: 37/39 MP: 10/19
  9160 | D:8      | Reached skill level 5 in Stealth
  9172 | D:8      | Reached skill level 5 in Dodging
  9254 | D:8      | Noticed Prince Ribbit
  9259 | D:8      | Killed Prince Ribbit
  9261 | D:8      | Reached skill level 5 in Fighting
  9333 | D:8      | Found Botso's General Store.
  9343 | D:8      | Found Yligoawu's Antique Weapon Shop.
  9673 | D:8      | Found an opulent altar of Gozag.
  9718 | D:8      | Found a staircase to the Lair.
  9776 | D:8      | Reached skill level 8 in Air Magic
  9892 | D:8      | Noticed Psyche
  9895 | D:8      | Killed Psyche
 10042 | D:8      | Reached XP level 10. HP: 35/45 MP: 11/23
 10202 | D:8      | Noticed Maurice
 10206 | D:8      | Killed Maurice
 10325 | D:8      | Reached * piety under Vehumet
 10325 | D:8      | Offered knowledge of Freeze by Vehumet.
 10480 | D:8      | Found a shadowy altar of Dithmenos.
 10482 | D:8      | Found a snail-covered altar of Cheibriados.
 10493 | D:8      | Found a glowing silver altar of Zin.
 10499 | D:8      | Found a radiant altar of Vehumet.
 10503 | D:8      | Found a shimmering blue altar of Sif Muna.
 10509 | D:8      | Found a glowing golden altar of the Shining One.
 10513 | D:8      | Found an iron altar of Okawaru.
 10715 | D:9      | Noticed a brown ugly thing
 10867 | D:9      | Killed a brown ugly thing
 10867 | D:9      | Reached skill level 9 in Air Magic
 11573 | D:9      | Offered knowledge of Searing Ray by Vehumet.
 11576 | D:9      | Reached ** piety under Vehumet
 12244 | D:9      | Found a bloodstained altar of Trog.
 12310 | D:10     | Entered Level 10 of the Dungeon
 12317 | D:10     | Noticed a tengu warrior
 12320 | D:10     | Killed a tengu warrior
 12320 | D:10     | Reached skill level 10 in Air Magic
 12323 | D:10     | Reached XP level 11. HP: 50/50 MP: 2/25
 12515 | D:5      | Bought a scroll of acquirement for 572 gold pieces
 12515 | D:5      | Identified the amulet of Viwicw {Harm *Drain rN+ MR+ Str+2
                  | Int-5} (You acquired it on level 5 of the Dungeon)
 12517 | D:5      | Bought a scroll of teleportation for 33 gold pieces
 12517 | D:5      | Bought a scroll of teleportation for 33 gold pieces
 12517 | D:5      | Bought 3 scrolls of summoning for 313 gold pieces
 12570 | D:6      | Bought a potion of mutation for 112 gold pieces
 12671 | D:10     | Offered knowledge of Mephitic Cloud by Vehumet.
 12915 | D:10     | Reached skill level 10 in Spellcasting
 12999 | D:10     | Noticed a four-headed hydra
 13003 | D:10     | Killed a four-headed hydra
 13122 | D:10     | Reached *** piety under Vehumet
 13598 | D:11     | Noticed an eight-headed hydra
 13723 | D:11     | Found Barax's General Store.
 13744 | D:11     | Noticed a green ugly thing
 13991 | D:11     | Killed a green ugly thing
 14563 | D:11     | Offered knowledge of Hailstorm by Vehumet.
 14669 | D:11     | Killed an eight-headed hydra
 14669 | D:11     | Reached skill level 11 in Air Magic
 14733 | D:11     | Noticed a four-headed hydra
 14817 | D:11     | Killed a four-headed hydra
 15700 | Lair:1   | Entered Level 1 of the Lair of Beasts
 15765 | Lair:1   | Reached **** piety under Vehumet
 15845 | Lair:1   | Gained mutation: Your thick and shaggy fur keeps you warm.
                  | (AC +3, rC+) [Felid growth]
 15845 | Lair:1   | Reached XP level 12. HP: 56/56 MP: 22/28
 15867 | Lair:1   | Gained mutation: You possess an exceptional clarity of
                  | mind. [potion of mutation]
 15867 | Lair:1   | Gained mutation: Your mind is acute. (Int +2) [potion of
                  | mutation]
 15867 | Lair:1   | Gained mutation: You are clumsy. (Dex -2) [potion of
                  | mutation]
 15867 | Lair:1   | Gained mutation: Your muscles are strong. (Str +2) [potion
                  | of mutation]
 15875 | Lair:1   | Offered knowledge of Stone Arrow by Vehumet.
 16975 | Lair:2   | Noticed a four-headed hydra
 16981 | Lair:2   | Killed a four-headed hydra
 17679 | Lair:2   | Slain by a black mamba
 17680 | Lair:2   | Reached XP level 11. HP: -3/52 MP: 16/27
 17680 | Lair:2   | Found the +8 whip "Snakebite" {curare, rPois}
 18403 | Lair:3   | Reached skill level 12 in Air Magic
 18597 | Lair:3   | Noticed an oklob plant
 18597 | Lair:3   | Noticed an oklob plant
 19239 | Lair:3   | Found a runed translucent door.
 19242 | Lair:3   | Noticed DOPEyDwarf's ghost (journeyman MiGl)
 19246 | Lair:3   | Reached ***** piety under Vehumet
 19397 | Lair:3   | Noticed an oklob plant
 19404 | Lair:3   | Killed an oklob plant
 19530 | Lair:3   | Reached XP level 12. HP: 57/57 MP: 13/29
 19579 | Lair:3   | Noticed a five-headed hydra
 19580 | Lair:3   | Noticed a four-headed hydra
 19585 | Lair:3   | Killed a five-headed hydra
 19617 | Lair:3   | Killed a four-headed hydra
 19617 | Lair:3   | Offered knowledge of Starburst by Vehumet.
 19876 | Lair:3   | Found a staircase to the Swamp.
 20712 | Lair:4   | Found a staircase to the Snake Pit.
 21430 | Lair:5   | Reached skill level 1 in Conjurations
 21688 | Lair:5   | Reached skill level 13 in Air Magic
 21744 | Lair:5   | Reached skill level 10 in Fighting
 22517 | Lair:5   | Noticed a six-headed hydra
 22809 | Lair:6   | Entered Level 6 of the Lair of Beasts
 22809 | Lair:6   | Found a runed translucent door.
 22809 | Lair:6   | Found a viscous altar of Jiyva.
 22809 | Lair:6   | Found a staircase to the Slime Pits.
 23071 | Lair:6   | Reached XP level 13. HP: 61/61 MP: 21/31
 24135 | Lair:6   | Offered knowledge of Fulminant Prism by Vehumet.
 24782 | Lair:6   | Reached skill level 5 in Conjurations
 26484 | D:12     | Found a staircase to the Orcish Mines.
 26704 | D:12     | Reached skill level 14 in Air Magic
 26704 | D:12     | Reached XP level 14. HP: 38/66 MP: 1/32
 26912 | D:12     | Learned a level 6 spell: Conjure Ball Lightning
 27556 | Orc:1    | Entered Level 1 of the Orcish Mines
 27644 | Orc:1    | Found Vigoady's Jewellery Shop.
 27681 | Orc:1    | Found Terits's Antique Armour Boutique.
 27695 | Orc:1    | Noticed Urug
 27701 | Orc:1    | Killed Urug
 27825 | Orc:2    | Entered Level 2 of the Orcish Mines
 27825 | Orc:2    | Found a staircase to the Elven Halls.
 27890 | Orc:2    | Noticed an orc warlord
 28276 | Orc:1    | Found a roughly hewn altar of Beogh.
 28820 | Orc:2    | Noticed a stone giant
 28842 | Orc:1    | Offered knowledge of Ozocubu's Refrigeration by Vehumet.
 29440 | Orc:1    | Found Xukeh's Jewellery Boutique.
 30768 | Orc:1    | Killed an orc warlord
 32086 | Orc:2    | Killed a stone giant
 32264 | Orc:2    | Found Pogur's Gadget Shoppe.
 32265 | Orc:2    | Found Feqom's Antique Weapon Emporium.
 32266 | Orc:2    | Found Fovvedd's Armour Shop.
 32410 | Orc:2    | Found Vuotsut's Weapon Emporium.
 32929 | Orc:1    | Bought the ring "Dotum" {*Corrode rF+ rC+++ AC+2 Dex+2} for
                  | 748 gold pieces
 33009 | Orc:1    | Bought the ring "Pikla" {MR+ EV+2} for 293 gold pieces
 33114 | D:13     | Found a frozen archway.
 33458 | IceCv    | Entered an ice cave
 34551 | IceCv    | Noticed a frost giant
 34600 | IceCv    | Reached XP level 15. HP: 71/71 MP: 31/34
 34711 | IceCv    | Identified the +9 battleaxe "Wupsoti" {chaos, *Drain rPois
                  | MR+ SInv}
 34843 | IceCv    | Killed a frost giant
 35416 | D:13     | Hit by a large rock thrown by a cyclops
 35417 | D:13     | Reached XP level 14. HP: -6/67 MP: 28/42
 35701 | D:13     | Found a shimmering altar of Xom.
 35851 | D:13     | Reached ****** piety under Vehumet
 36098 | D:13     | Found a sacrificial altar of Ru.
 36170 | D:13     | Identified the Collected Works on Changing and Poisoning
 36179 | D:13     | Learned a level 6 spell: Deflect Missiles
 36663 | D:14     | Offered knowledge of Freezing Cloud by Vehumet.
 36673 | D:13     | Learned a level 6 spell: Freezing Cloud
 36736 | D:14     | Reached skill level 15 in Air Magic
 36884 | D:14     | You fall into a shaft and drop 1 floor!
 36884 | D:15     | Entered Level 15 of the Dungeon
 36954 | D:15     | Reached skill level 15 in Spellcasting
 37579 | D:14     | Found a gate to the Vaults.
 38766 | D:15     | Cast into level 3 of the Abyss (a wizard)
 38767 | Abyss:3  | Noticed a starcursed mass
 38767 | Abyss:3  | Noticed a tentacled starspawn
 39557 | Abyss:5  | Entered Level 5 of the Abyss
 39620 | Abyss:5  | Noticed a tentacled starspawn
 39650 | Abyss:5  | Noticed a tentacled starspawn
 39672 | Abyss:5  | Paralysed by a great orb of eyes for 3 turns
 39708 | D:15     | Escaped the Abyss
 40365 | D:15     | Upgraded the game from 0.25-a0-731-g0472a16d6a to
                  | 0.25-a0-733-gf7d8cd8a05
 40393 | D:15     | Reached XP level 15. HP: 72/72 MP: 33/35
 40657 | D:15     | Offered knowledge of Ozocubu's Refrigeration by Vehumet.
 41394 | D:15     | Found a staircase to the Depths.
 42166 | Snake:1  | Entered Level 1 of the Snake Pit
 43385 | Snake:1  | Reached skill level 16 in Air Magic
 43567 | Snake:1  | Noticed Kirke
 43582 | Snake:1  | Killed Kirke
 44033 | Snake:1  | Learned a level 2 spell: Blink
 44841 | Snake:2  | Found a transporter.
 44851 | Snake:2  | Noticed a nagaraja
 44857 | Snake:2  | Killed a nagaraja
 44977 | Snake:2  | Reached XP level 16. HP: 77/77 MP: 25/37
 45165 | Snake:2  | Noticed Azrael
 45174 | Snake:2  | Killed Azrael
 45281 | Snake:2  | Found a transporter.
 45294 | Snake:2  | Found a transporter.
 45493 | Snake:2  | Found a transporter.
 45529 | Snake:2  | Found a transporter.
 45971 | Snake:3  | HP: 3/78 [shock serpent (13)]
 46770 | Snake:3  | Found Wireoc's Weapon Boutique.
 46770 | Snake:3  | Found Elouppin's Weapon Shop.
 46771 | Snake:3  | Found Ytiff's Gadget Boutique.
 46775 | Snake:3  | Found Gunucean's Weapon Shop.
 46856 | Snake:3  | Offered knowledge of Starburst by Vehumet.
 48676 | Snake:3  | Reached skill level 17 in Air Magic
 49705 | Snake:4  | Entered Level 4 of the Snake Pit
 49868 | Snake:4  | Found Funottef's Mass Market.
 49894 | Snake:4  | Found Timy's Jewellery Emporium.
 49894 | Snake:4  | Found Qiofataz's Gadget Shop.
 49895 | Snake:4  | Found Zadwasac's Jewellery Emporium.
 49912 | Snake:4  | Bought the ring of Sloth {Fire rElec Int+2} for 777 gold
                  | pieces
 49912 | Snake:4  | Bought an uncursed amulet of harm for 540 gold pieces
 50396 | Snake:4  | Shot with an arrow by a naga sharpshooter
 50397 | Snake:4  | Reached XP level 15. HP: -9/74 MP: 29/45
 50505 | Snake:4  | Noticed a nagaraja
 50509 | Snake:4  | Killed a nagaraja
 50521 | Snake:4  | Noticed a nagaraja
 50526 | Snake:4  | Killed a nagaraja
 51324 | Snake:4  | Noticed a nagaraja
 51335 | Snake:4  | Killed a nagaraja
 51370 | Snake:4  | Noticed a nagaraja
 51375 | Snake:4  | Killed a nagaraja
 51692 | Snake:4  | Noticed a nagaraja
 51697 | Snake:4  | Killed a nagaraja
 51697 | Snake:4  | Reached XP level 16. HP: 79/79 MP: 30/37
 52406 | Snake:4  | Offered knowledge of Starburst by Vehumet.
 52883 | Snake:4  | Got a serpentine rune of Zot
 53103 | Lair:3   | Learned a level 9 spell: Tornado
 53124 | Swamp:1  | Entered Level 1 of the Swamp
 54001 | Swamp:1  | Identified Roxanne's Catalogue of the Mountains
 54001 | Swamp:1  | Noticed Roxanne
 54653 | Swamp:2  | Reached skill level 18 in Air Magic
 54988 | Swamp:2  | Offered knowledge of Lehudib's Crystal Spear by Vehumet.
 54988 | Swamp:2  | Offered knowledge of Fire Storm by Vehumet.
 54988 | Swamp:2  | Offered knowledge of Chain Lightning by Vehumet.
 55647 | Swamp:3  | Found a runed translucent gate.
 56103 | Swamp:3  | Found a runed translucent gate.
 56103 | Swamp:3  | Found a runed translucent gate.
 56882 | Swamp:3  | Noticed Pisy's ghost (adept TrBe)
 56883 | Swamp:3  | Noticed Ontamu's ghost (adept GnTm)
 56884 | Swamp:3  | Noticed Rotter5's ghost (journeyman DrIE)
 56907 | Swamp:4  | Entered Level 4 of the Swamp
 58711 | Swamp:3  | Reached XP level 17. HP: 49/84 MP: 18/39
 58951 | Swamp:4  | Noticed the 27-headed Lernaean hydra
 58973 | Swamp:4  | Killed the 27-headed Lernaean hydra
 59753 | Swamp:4  | Got a decaying rune of Zot
 60155 | Elf:1    | Entered Level 1 of the Elven Halls
 61427 | Elf:1    | Reached skill level 15 in Fighting
 61918 | Elf:2    | Reached skill level 19 in Air Magic
 62496 | Elf:2    | Found a huge runed translucent gate.
 62501 | Elf:2    | Found a huge runed translucent gate.
 62502 | Elf:2    | Found a huge runed translucent gate.
 62635 | Elf:2    | Found a huge runed translucent gate.
 62636 | Elf:2    | Found a huge runed translucent gate.
 63455 | Elf:2    | Found Gethuridd's Antique Weapon Shop.
 63533 | Elf:2    | Reached XP level 18. HP: 89/89 MP: 28/40
 63970 | Elf:3    | Entered Level 3 of the Elven Halls
 64102 | Elf:3    | Found Iluobb's Assorted Antiques.
 64108 | Elf:3    | Bought a scroll of blinking for 157 gold pieces
 64453 | Elf:3    | Identified the cursed +0 robe "Pedahit" {rF+ rC++ rCorr
                  | Dex+2}
 64990 | Elf:3    | Cast into level 2 of the Abyss (a deep elf demonologist)
 65162 | Elf:3    | Escaped the Abyss
 65737 | Elf:3    | Reached skill level 20 in Air Magic
 66100 | Elf:3    | Killed by an exploding ball lightning
 66101 | Elf:3    | Reached XP level 17. HP: -35/86 MP: 18/49
 66101 | Elf:3    | Identified the +1 leather armour "Pyorphouc" {rF+ Regen+}
 66191 | Elf:3    | Identified the +7 long sword of the Undead {vorpal, +Inv
                  | rC+ Str+6 Int-3}
 66191 | Elf:3    | Identified the ring "Ycynyam" {rN+ AC+2 Str+3}
 66508 | Elf:3    | Identified the +8 broad axe of the Hawk {antimagic, +Fly
                  | Dex+2}
 66528 | Elf:3    | Identified the cursed +3 rapier "Sysap" {holy, *Drain rC+++
                  | MP+9 Str-5}
 66603 | Elf:3    | Noticed a deep elf master archer
 66606 | Elf:3    | Killed a deep elf master archer
 66856 | Vaults:1 | Entered Level 1 of the Vaults
 67316 | Vaults:1 | Found a runed translucent gate.
 67316 | Vaults:1 | Found a runed translucent gate.
 67316 | Vaults:1 | Found an ancient bone altar of Kikubaaqudgha.
 67316 | Vaults:1 | Found a runed translucent gate.
 67316 | Vaults:1 | Noticed Waros's ghost (veteran GrEE)
 67316 | Vaults:1 | Noticed Isedumueph's ghost (veteran HuFi)
 67316 | Vaults:1 | Noticed an ancient lich
 67317 | Vaults:1 | Noticed an ancient lich
 67317 | Vaults:1 | Noticed Getac's ghost (adept DsGl)
 67348 | Vaults:1 | Reached XP level 18. HP: 61/90 MP: 26/41
 71384 | Vaults:2 | Killed by an exploding ball lightning
 71385 | Vaults:2 | Reached XP level 17. HP: 1/87 MP: 34/40
 71857 | Vaults:2 | HP: 3/87 [vault warden/+2 great mace of draining (19)]
 71863 | Vaults:2 | Hit by a stone thrown by an ironheart preserver

Levels and vault maps discovered:
D:1:      dpeg_arrival_line_fractal, layout_basic, minivault_24
D:2:      layout_rooms, hex_large, minmay_misc_feat_plants,
          chequers_serial_rivers_micro_d, uniq_natasha
D:3:      layout_loops_cross, first_ration, minmay_door_square
D:4:      layout_rooms, cheibrodos_sewer_entry_sluice
D:5:      layout_gridville, dancing_weapons_uskayaw, serial_shops,
          nicolae_shop_trees, st_stairs_5, kennysheep_doodads,
          uniq_blork_the_orc
D:6:      layout_rooms, serial_shops, shop, ebering_ghost_sewer_d,
          chequers_serial_rivers_micro_c
D:7:      layout_basic, minmay_temple_entry_waves, serial_curves,
          eino_curves_01, eino_curves_01, the_bakery
D:8:      layout_rooms, grunt_temple_overflow_octagram,
          grunt_lair_entry_orc_guard_hut, basic_altar, serial_shops,
          kennysheep_mini, shop, grunt_gozag_statues, uniq_psyche,
          uniq_prince_ribbit1, uniq_maurice
D:9:      minmay_goldmine, layout_loops_ring, kennysheep_little_box,
          minmay_microvault
D:10:     layout_big_octagon, minmay_gold_behind_fungi, minmay_misc_feat_iff
D:11:     layout_basic, serial_shops, shop
D:12:     layout_loops_ring, orc_0_dummy, minmay_misc_feat_x
D:13:     layout_long_grid, portal_ice_cave_entry_ice_beasts,
          hangedman_feature_mirror
D:14:     layout_roguey, ximxim_vaults_locker_room, lemuel_old_faithful
D:15:     hangedman_depths_entry_try_elsewhere_first, layout_layer_cave
Temple:   cyrus_circular_temple
Lair:1:   layout_misc_corridors, grunt_megastairs_4, serial_bayou_shore_b
Lair:2:   minmay_guarded_unrand_snakebite, layout_layer_cave
Lair:3:   layout_chaotic_city, palyth_hydra_swamp_entry,
          ebering_ghost_inner_flame, grunt_megastairs_3,
          minmay_lair_oklob_chamber
Lair:4:   layout_hall_layers, guppyfry_snake_entry_island
Lair:5:   cheibrodos_lair_river_kwai, layout_hall_layers,
          chequers_serial_rivers_micro_c
Lair:6:   grunt_lair_end_beastmaster, layout_long_grid, slime_altar_2,
          special_room [special_room_mythical_zoo]
Swamp:1:  layout_basic_swamp, evilmike_swamp_ruin_house_1, swamp_pool1,
          uniq_roxanne
Swamp:2:  layout_basic_swamp, evilmike_swamp_ruin_house_6,
          infiniplex_staircase_pool
Swamp:3:  layout_falls_marsh, gammafunk_ghost_cemetery,
          evilmike_swamp_ruin_wall, swamp_pool2, st_swamp_ruins_2
Swamp:4:  swamp_old_school, layout_basic_swamp
Snake:1:  layout_chambers, st_stairs_4, uniq_kirke
Snake:2:  gammafunk_the_bubble [the_bubble_gammafunk_roulette],
          layout_misc_corridors, uniq_azrael
Snake:3:  layout_layer_cave, nicolae_snake_squiggles, serial_bayou_shore_a,
          minmay_shoptagon
Snake:4:  minmay_snake_end_coiled, layout_rooms, drop_trap, minmay_shop_mass,
          minmay_shop_grove
Orc:1:    layout_caves, serial_shops, nicolae_shop_crystal,
          nicolae_shop_waterfront, shop, basic_altar, uniq_urug
Orc:2:    st_orc_open, layout_caves
Elf:1:    layout_onion_city, kennysheep_underground_church
Elf:2:    layout_gridlike, serial_shops, shop, elves_outpost_lemuel
Elf:3:    minmay_elf_hall_circle, layout_loops_ring, serial_shops,
          nicolae_shop_waterfront
Vaults:1: gammafunk_vaults_ghost_crypt, vaults_room_hallway, v_misc_14,
          nicolae_vaults_little_squares_3, ontoclasm_vaults_eye,
          vaults_dpeg_ring, layout_vaults_omnigrid
Vaults:2: gammafunk_vaults_ghost_tricky_traps, ontoclasm_vaults_ligature,
          nicolae_vaults_network_barrier, ontoclasm_vaults_bender,
          ontoclasm_vaults_echo, nicolae_vaults_ring_of_whatevers,
          vaults_dpeg_encased_lava, v_misc_2, v_rooms_6, v_misc_30,
          grunt_vaults_hallway_long, ontoclasm_vaults_loading_screen,
          hangedman_vaults_slice, layout_vaults_omnibox, serial_shops, shop

Skill      XL: |  1  2  3  4  5  6  7  8  9 10 11 12 13 14 15 16 17 18 |
---------------+-------------------------------------------------------+-----
Air Magic      | 3 4 5 6 7 8 10 12 13 14 15 16 18 19 20 | 20.9
Fighting       | 1 2 3 4 5 7 9 10 12 14 15 16 | 16.7
Spellcasting   | 3 4 5 6 8 9 12 13 15 16 17 18 | 18.6
Dodging        | 4 5 7 8 |  8.3
Stealth        | 4 5 7 8 |  8.8
Conjurations   | 3 5 8 |  8.0

Action                   |  1- 3 |  4- 6 |  7- 9 | 10-12 | 13-15 | 16-18 || total
-------------------------+-------+-------+-------+-------+-------+-------++-------
Melee: Unarmed           |    18 |     8 |     4 |    19 |     3 |       ||    52
       Bite              |     1 |     1 |       |     2 |       |       ||     4
 Cast: Shock             |   101 |   142 |   217 |    74 |     8 |     2 ||   544
       Airstrike         |       |     1 |    74 |   599 |  1177 |  1028 ||  2879
       Lightning Bolt    |       |       |       |     3 |    93 |       ||    96
       Freezing Cloud    |       |       |       |       |    50 |   155 ||   205
       Conjure Ball Ligh |       |       |       |       |    19 |    16 ||    35
       Deflect Missiles  |       |       |       |       |     2 |     6 ||     8
       Blink             |       |       |       |       |       |     5 ||     5
       Tornado           |       |       |       |       |       |     2 ||     2
Evoke: Wand              |       |       |     1 |     8 |    11 |     4 ||    24
       Box of beasts     |       |       |       |       |     1 |       ||     1
       Phantom mirror    |       |       |       |       |       |     1 ||     1
  Use: Scroll            |       |     3 |     4 |    10 |    17 |     7 ||    41
       Potion            |       |       |       |     2 |     1 |     2 ||     5
  Eat: Chunk             |    11 |     4 |    19 |    43 |    53 |    84 ||   214
       Ration            |       |       |       |       |     1 |     6 ||     7
Armor: Skin              |     1 |       |     4 |    13 |    19 |     1 ||    38
Dodge: Dodged            |    19 |    52 |    89 |   132 |   292 |   149 ||   733
       Deflected         |       |       |       |       |    13 |    44 ||    57

Table legend:
 A = Non-vault XP
 B = Vault XP
 C = Vault XP percentage of total XP
 D = Non-vault monster count
 E = Vault monster count
 F = Vault count percentage of total count
                 A         B        C        D         E       F
            +---------+---------+-------+---------+---------+-------
      Total |  327664 |  211940 |  39.3 |    1062 |     388 |  26.8
            +---------+---------+-------+---------+---------+-------
        D:1 |      52 |       0 |   0.0 |      24 |       0 |   0.0
        D:2 |     135 |      36 |  21.1 |      21 |       1 |   4.5
        D:3 |     207 |       0 |   0.0 |      15 |       0 |   0.0
        D:4 |     352 |      15 |   4.1 |      17 |       2 |  10.5
        D:5 |     347 |     139 |  28.6 |      31 |       3 |   8.8
        D:6 |     348 |       0 |   0.0 |       9 |       0 |   0.0
        D:7 |     580 |     234 |  28.7 |      10 |       1 |   9.1
        D:8 |    2034 |    1835 |  47.4 |      28 |       9 |  24.3
        D:9 |    3102 |     489 |  13.6 |      38 |      12 |  24.0
       D:10 |    4776 |       0 |   0.0 |      31 |       0 |   0.0
       D:11 |    5571 |       0 |   0.0 |      39 |       0 |   0.0
       D:12 |    4922 |     399 |   7.5 |      31 |       3 |   8.8
       D:13 |    8353 |    1885 |  18.4 |      32 |      11 |  25.6
       D:14 |   11614 |    3955 |  25.4 |      45 |      12 |  21.1
       D:15 |   29250 |    3304 |  10.1 |      59 |       4 |   6.3
     Lair:1 |    2163 |     475 |  18.0 |      11 |       2 |  15.4
     Lair:2 |    2898 |    1952 |  40.2 |      11 |      10 |  47.6
     Lair:3 |    4785 |    5382 |  52.9 |      20 |      13 |  39.4
     Lair:4 |    2329 |     489 |  17.4 |      12 |       3 |  20.0
     Lair:5 |    7263 |    1225 |  14.4 |      30 |       5 |  14.3
     Lair:6 |   12079 |   13804 |  53.3 |      36 |      38 |  51.4
    Swamp:1 |   11124 |       0 |   0.0 |      30 |       0 |   0.0
    Swamp:2 |   11898 |       0 |   0.0 |      36 |       0 |   0.0
    Swamp:3 |    7284 |    3622 |  33.2 |      17 |       5 |  22.7
    Swamp:4 |   11799 |   16774 |  58.7 |      30 |      24 |  44.4
    Snake:1 |   15579 |    4081 |  20.8 |      31 |       6 |  16.2
    Snake:2 |   12457 |    2215 |  15.1 |      25 |       6 |  19.4
    Snake:3 |   31380 |       0 |   0.0 |      54 |       0 |   0.0
    Snake:4 |   10607 |   23609 |  69.0 |      20 |      39 |  66.1
      Orc:1 |    6258 |    7596 |  54.8 |      61 |      17 |  21.8
      Orc:2 |    1902 |    9827 |  83.8 |      30 |      21 |  41.2
      Elf:1 |   19555 |    3899 |  16.6 |      31 |       6 |  16.2
      Elf:2 |   11287 |   29879 |  72.6 |      19 |      40 |  67.8
      Elf:3 |   23443 |   45854 |  66.2 |      40 |      29 |  42.0
   Vaults:1 |   23083 |    8374 |  26.6 |      40 |       9 |  18.4
   Vaults:2 |   24780 |    9841 |  28.4 |      45 |      14 |  23.7
    Abyss:2 |    1221 |       0 |   0.0 |       1 |       0 |   0.0
    Abyss:3 |       0 |     771 | 100.0 |       0 |       1 | 100.0
    Abyss:5 |     847 |       0 |   0.0 |       2 |       0 |   0.0
      Sewer |       0 |     141 | 100.0 |       0 |       6 | 100.0
      IceCv |       0 |    9839 | 100.0 |       0 |      36 | 100.0
            +---------+---------+-------+---------+---------+-------
